[Event "Titled Tuesday Blitz June 27 Early 2023"]
[White "Andreev, Konstantin"]
[Black "Gyulamiryan-koryun"]
[WhiteFideId "24239305"]
[WhiteElo "2434"]
[BlackElo "2057"]
[Result "1-0"]
[Round "8"]
[TimeControl "180+2"]
[Date "2023.06.27"]
[WhiteClock "0:00:19"]
[BlackClock "0:00:02"]
[Board "122"]

1. e4 c6 2. d4 d5 3. e5 Bf5 4. Nf3 e6 5. Be2 c5 6. Be3 Qb6 7. Nc3 Nc6 8. O-O Qxb2 9. Qe1 cxd4 10. Bxd4 Nxd4 11. Nxd4 Bb4 12. Ndb5 Rc8 13. Na4 Bxe1 14. Nxb2 Bb4 15. c3 Bc5 16. Na4 Kd7 17. Nxc5+ Rxc5 18. Nxa7 Ne7 19. Nb5 f6 20. exf6 gxf6 21. Rfe1 Rg8 22. a4 e5 23. Ra2 Be4 24. f3 Bf5 25. a5 Kc6 26. Rb2 Ra8 27. Ra1 Nc8 28. Ra4 Na7 29. Nxa7+ Rxa7 30. Rb6+ Kc7 31. Rxf6 Bd7 32. Rh4 Raxa5 33. Rxh7 Ra1+ 34. Kf2 Rc6 35. Rff7 Rd6 36. Bb5 Ra2+ 37. Kg3 Rg6+ 38. Kh4 Raxg2 39. h3 Kb6 40. Bxd7 Rd6 41. Bg4 Kc5 42. Rc7+ Kb5 43. Rxb7+ Kc4 44. Rbc7+ Kd3 45. Rce7 Re2 46. Rh8 d4 47. Rhe8 dxc3 48. Bf5+ Kd4 49. Rc8 Rd5 50. Rec7 c2 51. Rxc2 Rxc2 52. Rxc2 Ke3 53. Rc3+ Kf4 54. Be4 Rd1 55. Kh5 Rh1 56. h4 Rh3 57. Rc7 Rg3 58. Rf7+ Ke3 59. Rf6 Kd4 60. Rg6 Rh3 61. Kg5 Ke3 62. h5 Rg3+ 63. Kf6 Kf4 64. h6 Rh3 65. Rg7 Rxh6+ 66. Rg6 Rh3 67. Rg4+ Ke3 68. Kxe5 Rh5+ 69. Kf6 Rh3 70. Rg5 Rh4 71. Rf5 Rh3 72. Ke5 Rg3 73. Bd5 Rh3 74. f4 Rg3 75. Be6 Rf3 76. Rf8 Rg3 77. f5 Rg2 78. f6 Re2 79. f7 Kd3+ 80. Kd6 Kd4 81. Rd8 Ke4 82. f8=Q Kd4 83. Qf4+ Kd3 84. Bf5+ Kc3 85. Rc8+ Kb2 86. Qb4+ Ka1 87. Ra8+ Ra2 88. Qb1# 1-0


[Site "https://www.chess.com"]

[Event "Titled Tuesday Blitz June 27 Early 2023"]
[White "Lacasa Diaz, Jose Antonio"]
[Black "Ruge, Edison"]
[WhiteFideId "2203375"]
[BlackFideId "4401000"]
[WhiteElo "2433"]
[BlackElo "2225"]
[Result "1/2-1/2"]
[Round "8"]
[TimeControl "180+2"]
[Date "2023.06.27"]
[WhiteClock "0:00:45"]
[BlackClock "0:00:21"]
[Board "123"]

1. e4 e5 2. Nf3 Nc6 3. Bb5 f5 4. Bxc6 dxc6 5. Nc3 fxe4 6. Nxe4 Nf6 7. Qe2 Qe7 8. d3 Bg4 9. h3 Bxf3 10. Qxf3 Nxe4 11. Qxe4 Qb4+ 12. Qxb4 Bxb4+ 13. Ke2 O-O 14. Be3 a6 15. a3 Bd6 16. f3 Rae8 17. h4 Re6 18. h5 c5 19. b3 b5 20. a4 Rb8 21. axb5 axb5 22. Ra5 c4 23. bxc4 bxc4 24. dxc4 Rb2 25. Kd3 Bb4 26. Rb5 Rd6+ 27. Rd5 Ra2 28. Rb1 c6 29. Rxd6 Bxd6 30. Rb6 Ra3+ 31. Ke4 Rxe3+ 32. Kxe3 Bc5+ 33. Ke4 Bxb6 34. Kxe5 Be3 35. Ke6 c5 36. Ke7 Bf2 37. g4 Be3 38. Ke8 Bg5 39. Kd7 Kf7 40. Kd6 Be3 41. Ke5 Bd4+ 42. Kf5 g6+ 43. hxg6+ hxg6+ 44. Ke4 Ke6 45. f4 Bf2 46. Kf3 Bg1 47. Ke4 Bd4 48. Kf3 Kf6 49. Ke4 Ke6 50. Kf3 Kd6 51. Ke4 Ke6 1/2-1/2


[Site "https://www.chess.com"]

[Event "Titled Tuesday Blitz June 27 Early 2023"]
[White "FuenfgegenWilly"]
[Black "Howell, David W L"]
[BlackFideId "410608"]
[WhiteElo "2392"]
[BlackElo "2999"]
[Result "0-1"]
[Round "8"]
[TimeControl "180+2"]
[Date "2023.06.27"]
[WhiteClock "0:01:52"]
[BlackClock "0:01:37"]
[Board "124"]

1. d4 e6 2. e4 d5 3. exd5 exd5 4. Nf3 Bd6 5. c4 Nf6 6. c5 Be7 7. Nc3 O-O 8. Bd3 b6 9. cxb6 axb6 10. O-O c6 11. h3 Re8 12. Re1 Nbd7 13. Bf4 Bb7 14. Ne5 Nxe5 15. Bxe5 Nd7 16. Bxh7+ Kxh7 17. Qh5+ Kg8 18. Bxg7 Kxg7 19. Re3 Nf8 20. Rae1 Ng6 21. f4 Rh8 22. Qg4 Rh4 23. Qg3 Bd6 24. Ne2 Qf6 25. Rf3 Re8 0-1


[Site "https://www.chess.com"]

[Event "Titled Tuesday Blitz June 27 Early 2023"]
[White "Aldokhin, Ivan"]
[Black "Barbot, Pierre"]
[WhiteFideId "24115720"]
[BlackFideId "663727"]
[WhiteElo "2596"]
[BlackElo "2381"]
[Result "1-0"]
[Round "8"]
[TimeControl "180+2"]
[Date "2023.06.27"]
[WhiteClock "0:00:45"]
[BlackClock "0:00:03"]
[Board "125"]

1. e4 c6 2. Nf3 d5 3. Nc3 dxe4 4. Nxe4 Nf6 5. Nxf6+ exf6 6. d4 Bd6 7. Bc4 O-O 8. O-O Bc7 9. h3 Qd6 10. Re1 Bf5 11. Bd3 Bxd3 12. Qxd3 Nd7 13. c4 Rad8 14. Be3 Ne5 15. Qe2 Nxf3+ 16. Qxf3 Qh2+ 17. Kf1 Rfe8 18. b4 Rxd4 19. g4 Rde4 20. Rad1 h6 21. Rd7 Bf4 22. Bd2 Rxe1+ 23. Bxe1 Bg5 24. Rxb7 Qe5 25. Bc3 Qe6 26. Qd3 h5 27. gxh5 Qc8 28. Qd7 Qxd7 29. Rxd7 Re4 30. Rxa7 Rxc4 31. Be1 Rc1 32. Ke2 Rc2+ 33. Kd3 Rc1 34. Bc3 Rh1 35. a4 Rxh3+ 36. Kc4 Rf3 37. Bd4 Rf4 38. a5 Bh4 39. Rd7 Bxf2 40. a6 Bxd4 41. Rxd4 Rf1 42. a7 Rc1+ 43. Kb3 Ra1 44. Rd8+ Kh7 45. a8=Q Rxa8 46. Rxa8 Kh6 47. Rh8+ Kg5 48. Kc4 f5 49. Rc8 f4 50. Kd3 Kg4 51. Rxc6 Kg3 52. Ke4 f3 53. Rc3 f5+ 54. Kxf5 Kg2 55. Rxf3 Kxf3 56. b5 1-0


[Site "https://www.chess.com"]

[Event "Titled Tuesday Blitz June 27 Early 2023"]
[White "Bogaudinov, Rushan"]
[Black "Tologon tegin, Semetei"]
[WhiteFideId "4129288"]
[BlackFideId "13800574"]
[WhiteElo "2357"]
[BlackElo "2527"]
[Result "0-1"]
[Round "8"]
[TimeControl "180+2"]
[Date "2023.06.27"]
[WhiteClock "0:00:03"]
[BlackClock "0:00:21"]
[Board "126"]

1. d4 e6 2. e4 b6 3. Bd3 Bb7 4. Ne2 Nf6 5. Ng3 d5 6. exd5 Qxd5 7. f3 Nbd7 8. Be3 Be7 9. Nc3 Qa5 10. O-O O-O 11. a3 c5 12. dxc5 Bxc5 13. Qe2 Bxe3+ 14. Qxe3 Qc5 15. Rfe1 Rfd8 16. Kf2 Rac8 17. Rad1 Nd5 18. Qxc5 Nxc5 19. Nxd5 Nxd3+ 20. Rxd3 Rxc2+ 21. Re2 Rxe2+ 22. Nxe2 Rxd5 23. Rxd5 Bxd5 24. Ke3 Kf8 25. Nd4 Ke7 26. Nb5 a6 27. Nc3 Kd6 28. h4 e5 29. b4 Bc6 30. g3 h5 31. Ke2 f6 32. Ke3 g5 33. Ke2 Ke6 34. Ke3 Kf5 35. a4 g4 36. fxg4+ Kxg4 37. Kf2 a5 38. bxa5 bxa5 39. Nb5 f5 40. Na3 f4 41. gxf4 exf4 42. Nc4 Kxh4 43. Nxa5 Bxa4 44. Nc4 Kg4 45. Nd2 Bc6 46. Nf1 h4 47. Nh2+ Kh3 48. Nf1 Kg4 49. Nh2+ Kf5 50. Nf1 h3 51. Nh2 Bg2 52. Kg1 f3 53. Kf2 Kf4 54. Kg1 Kg3 55. Ng4 Kxg4 56. Kh2 Kf4 57. Kg1 Ke3 58. Kh2 f2 59. Kg3 f1=Q 60. Kh2 Qf4+ 61. Kg1 Qf2+ 62. Kh2 Bf1+ 63. Kh1 Qg2# 0-1


[Site "https://www.chess.com"]

[Event "Titled Tuesday Blitz June 27 Early 2023"]
[White "Fernandez Siles, Luis"]
[Black "kuanysh1981"]
[WhiteFideId "2209420"]
[WhiteElo "2361"]
[BlackElo "2519"]
[Result "1-0"]
[Round "8"]
[TimeControl "180+2"]
[Date "2023.06.27"]
[WhiteClock "0:00:55"]
[BlackClock "0:01:33"]
[Board "127"]

1. e4 c5 2. Nf3 e6 3. c3 d5 4. exd5 exd5 5. d4 c4 6. b3 cxb3 7. axb3 Nf6 8. Bd3 Bd6 9. h3 h6 10. O-O O-O 11. Na3 Nc6 12. Nb5 Bb8 13. c4 a6 14. Nc3 Be6 15. c5 Qd7 16. Re1 Bxh3 17. gxh3 Qxh3 18. Bf1 Qg4+ 19. Bg2 Ne4 20. Nxd5 Nxf2 21. Kxf2 Bg3+ 22. Kf1 Bxe1 23. Qxe1 Nxd4 24. Qh4 Nxf3 25. Qxg4 Nh2+ 26. Kg1 Nxg4 27. Nb6 Rad8 28. Bf4 Rd2 29. Bxd2 1-0


[Site "https://www.chess.com"]

[Event "Titled Tuesday Blitz June 27 Early 2023"]
[White "Ng, Clive"]
[Black "Estrada Nieto, Julian"]
[WhiteFideId "3214869"]
[BlackFideId "5101018"]
[WhiteElo "2345"]
[BlackElo "2493"]
[Result "0-1"]
[Round "8"]
[TimeControl "180+2"]
[Date "2023.06.27"]
[WhiteClock "0:00:11"]
[BlackClock "0:00:58"]
[Board "128"]

1. e4 e5 2. Nf3 Nc6 3. d4 exd4 4. Nxd4 Nf6 5. Nc3 Bb4 6. Nxc6 bxc6 7. Bd3 d5 8. exd5 O-O 9. O-O cxd5 10. h3 c6 11. Qf3 Bd6 12. Ne2 Rb8 13. Ng3 Re8 14. Nf5 Bxf5 15. Qxf5 Be5 16. c3 Qd7 17. a4 a5 18. Qxd7 Nxd7 19. f4 Bd6 20. Bc2 Nc5 21. Kf2 Ne4+ 22. Kf3 f5 23. g4 g6 24. Rg1 Kf7 25. gxf5 gxf5 26. Rg2 Rg8 27. Rxg8 Rxg8 28. Be3 Rg3+ 29. Ke2 Rxh3 30. Bxe4 fxe4 31. b4 axb4 32. a5 Rh2+ 33. Bf2 Bc5 34. Rf1 e3 35. cxb4 Ba7 36. Kf3 Rxf2+ 37. Rxf2 exf2 38. Ke2 Ke6 0-1


[Site "https://www.chess.com"]

[Event "Titled Tuesday Blitz June 27 Early 2023"]
[White "Sovetbekova, Nurai"]
[Black "Erzhanov, Arman"]
[WhiteFideId "13801910"]
[BlackFideId "4138821"]
[WhiteElo "2354"]
[BlackElo "2486"]
[Result "0-1"]
[Round "8"]
[TimeControl "180+2"]
[Date "2023.06.27"]
[WhiteClock "0:00:08"]
[BlackClock "0:01:24"]
[Board "129"]

1. d4 d6 2. c4 e5 3. Nf3 e4 4. Nfd2 f5 5. e3 Nf6 6. Nc3 g6 7. Be2 Bh6 8. d5 O-O 9. b3 Nbd7 10. Bb2 Ne5 11. O-O a5 12. Nb5 Re8 13. Qc2 b6 14. a3 Bd7 15. Nd4 Qc8 16. b4 axb4 17. axb4 Qb7 18. N2b3 Ba4 19. Bc3 Ra7 20. Qb2 Rea8 21. b5 Nfd7 22. Nc6 Bg7 23. Nxa7 Rxa7 24. Nd4 Nc5 25. Nc6 Ra8 26. Nxe5 dxe5 27. Bxe5 Bf8 28. Bd4 Ra7 29. Ra2 Qa8 30. Rfa1 Ra5 31. Bxc5 Bxc5 32. Bd1 Bxd1 33. Rxa5 bxa5 34. Rxd1 a4 35. d6 cxd6 36. b6 Qb7 37. Qb5 a3 38. Ra1 Kg7 39. h3 h5 40. g3 h4 41. Kg2 hxg3 42. Kxg3 Kf6 43. Qb3 Ke6 44. Qb5 g5 45. Qe8+ Kf6 46. Qf8+ Ke6 47. Qg8+ Kf6 48. Qh8+ Kg6 49. h4 f4+ 50. exf4 gxf4+ 51. Kg2 f3+ 52. Kg1 Qxb6 53. h5+ Kf5 54. Qf8+ Ke6 55. Qg8+ Kd7 56. Qg7+ Kc6 57. Qc3 Bxf2+ 58. Kf1 Bg3 59. Qxa3 Qf2# 0-1


[Site "https://www.chess.com"]

[Event "Titled Tuesday Blitz June 27 Early 2023"]
[White "Matyukov, Petr"]
[Black "Wang, Alexander J"]
[WhiteFideId "4103688"]
[BlackFideId "30955270"]
[WhiteElo "2485"]
[BlackElo "2317"]
[Result "1-0"]
[Round "8"]
[TimeControl "180+2"]
[Date "2023.06.27"]
[WhiteClock "0:00:23"]
[BlackClock "0:00:40"]
[Board "130"]

1. d4 d5 2. c4 e6 3. Nc3 c5 4. cxd5 exd5 5. Nf3 Nc6 6. g3 Nf6 7. Bg2 Be7 8. O-O O-O 9. Bg5 Be6 10. dxc5 Bxc5 11. e3 Be7 12. Rc1 h6 13. Bxf6 Bxf6 14. Qd2 Qa5 15. a3 Rfd8 16. Rfd1 d4 17. exd4 Nxd4 18. Nxd4 Rxd4 19. Qe3 Rad8 20. Rxd4 Bxd4 21. Qe2 b6 22. Rd1 Bb3 23. Qe7 Bxf2+ 24. Kxf2 Rxd1 25. Nxd1 Bxd1 26. Qd8+ Kh7 27. Qxd1 Qc5+ 28. Kf1 Qc4+ 29. Kg1 f6 30. Qd2 Qc5+ 31. Kh1 Qf5 32. Qe2 Qb1+ 33. Bf1 f5 34. Qd3 Qxd3 35. Bxd3 Kg6 36. Kg2 Kf6 37. Kf3 Ke5 38. Ke3 g5 39. Be2 f4+ 40. gxf4+ gxf4+ 41. Kf3 a5 42. b3 Kd4 43. a4 Kc3 44. Bc4 Kd2 45. Kxf4 Ke1 46. h4 Kf2 47. Kg4 Kg2 48. h5 Kh2 49. Kf5 Kh3 50. Kg6 Kh4 51. Kxh6 Kg4 52. Kg6 Kf4 53. h6 Ke3 54. h7 Kd4 55. h8=Q+ Kc5 56. Qc8+ Kb4 57. Qc6 Kc3 58. Qxb6 Kb2 59. Qxa5 Ka3 60. Qc5+ Kb2 61. a5 Kc3 62. a6 Kd2 63. a7 Kc3 64. a8=Q Kb2 65. Bf7 Kb1 66. Qh1+ Kb2 67. Qcc1+ Ka2 68. Qa1# 1-0


[Site "https://www.chess.com"]

[Event "Titled Tuesday Blitz June 27 Early 2023"]
[White "Rios Escobar, Adan"]
[Black "Bueno, Alfeu Junior Varela"]
[WhiteFideId "3403645"]
[BlackFideId "2108879"]
[WhiteElo "2436"]
[BlackElo "2315"]
[Result "0-1"]
[Round "8"]
[TimeControl "180+2"]
[Date "2023.06.27"]
[WhiteClock "0:00:25"]
[BlackClock "0:00:06"]
[Board "131"]

1. d4 e6 2. c4 f5 3. Nf3 b6 4. g3 Bb7 5. Bg2 Nf6 6. O-O Be7 7. Nc3 Ne4 8. Qc2 Nxc3 9. Qxc3 Bf6 10. b4 O-O 11. Bb2 d6 12. Qb3 Nd7 13. Rad1 Qe8 14. Rfe1 Kh8 15. Bf1 Qh5 16. a4 a5 17. b5 f4 18. Bg2 Rae8 19. Ba3 e5 20. dxe5 Nxe5 21. Nxe5 Bxg2 22. Kxg2 Bxe5 23. Rd5 fxg3 24. hxg3 Rxf2+ 25. Kxf2 Qh2+ 26. Kf1 Rf8+ 27. Qf3 Rxf3+ 28. exf3 Qxg3 29. Rd3 Qh3+ 30. Kg1 g5 31. Bc1 Qg3+ 32. Kf1 g4 33. Ree3 Qh3+ 34. Ke2 g3 35. f4 Qh2+ 36. Kd1 g2 37. fxe5 g1=Q+ 38. Re1 Qg4+ 39. Rf3 Qxf3+ 40. Re2 Qhxe2# 0-1


[Site "https://www.chess.com"]

[Event "Titled Tuesday Blitz June 27 Early 2023"]
[White "KorolDimitriy75"]
[Black "Sairam, Pranav"]
[BlackFideId "30951330"]
[WhiteElo "2424"]
[BlackElo "2312"]
[Result "1-0"]
[Round "8"]
[TimeControl "180+2"]
[Date "2023.06.27"]
[WhiteClock "0:00:59"]
[BlackClock "0:00:06"]
[Board "132"]

1. d4 d5 2. c4 e6 3. Nc3 Be7 4. cxd5 exd5 5. Bf4 c6 6. e3 Nf6 7. Bd3 O-O 8. Qc2 Re8 9. Nge2 a5 10. O-O Na6 11. a3 Nc7 12. Bg3 Ne6 13. f3 h6 14. Rad1 Bd6 15. Bf2 c5 16. Bf5 cxd4 17. exd4 Nf4 18. Nxf4 Bxf4 19. Rfe1 Rxe1+ 20. Rxe1 Bxf5 21. Qxf5 Bd2 22. Re2 Bxc3 23. bxc3 Qc7 24. Bg3 Qxc3 25. Be5 Re8 26. Kf2 Qc4 27. Rc2 Qb3 28. Rc7 Qb2+ 29. Kg3 Qc1 30. Rxc1 1-0


[Site "https://www.chess.com"]

[Event "Titled Tuesday Blitz June 27 Early 2023"]
[White "Rodriguez Santiago, Jaime"]
[Black "Herman, Daniel"]
[WhiteFideId "3100898"]
[BlackFideId "30935008"]
[WhiteElo "2282"]
[BlackElo "2423"]
[Result "1/2-1/2"]
[Round "8"]
[TimeControl "180+2"]
[Date "2023.06.27"]
[WhiteClock "0:00:03"]
[BlackClock "0:00:12"]
[Board "133"]

1. c4 e5 2. Nc3 Bb4 3. e4 Bxc3 4. dxc3 d6 5. Bd3 Ne7 6. Ne2 O-O 7. Ng3 f5 8. exf5 Nxf5 9. Nxf5 Bxf5 10. Bxf5 Rxf5 11. Qd5+ Kh8 12. Qxb7 Nd7 13. Qe4 g6 14. Be3 Rb8 15. b3 Nf6 16. Qc2 Ng4 17. Qe2 Qh4 18. h3 Nxe3 19. Qxe3 Rbf8 20. O-O g5 21. Rae1 g4 22. Qg3 Qxg3 23. fxg3 gxh3 24. gxh3 Kg7 25. Rxf5 Rxf5 26. Re3 h5 27. Kg2 Rg5 28. a4 Kf6 29. Rf3+ Ke7 30. b4 c6 31. Rd3 Ke6 32. Kf3 d5 33. cxd5+ cxd5 34. Rd2 Rf5+ 35. Kg2 e4 36. g4 hxg4 37. hxg4 Rf3 38. c4 dxc4 39. Rd4 Ke5 40. Rxc4 Rb3 41. g5 Kf4 42. g6 Rg3+ 43. Kf2 Rxg6 44. b5 Rd6 45. Rc6 Rd2+ 46. Ke1 Ra2 47. Ra6 Ke3 48. Kd1 Ra1+ 49. Kc2 Ke2 50. Rxa7 e3 51. a5 Kf2 52. a6 e2 53. Rf7+ Ke3 54. Re7+ Kd4 55. Rxe2 Kc5 56. Re5+ Kb6 57. Kc3 Ra4 58. Rh5 Rg4 59. Kd3 Rg3+ 60. Kc4 Rg4+ 61. Kd5 Kxb5 62. a7 Ra4 63. Kd6+ Kb6 64. a8=Q Rxa8 65. Rh7 Ra7 66. Rxa7 Kxa7 1/2-1/2


[Site "https://www.chess.com"]

[Event "Titled Tuesday Blitz June 27 Early 2023"]
[White "Nilssen, Ellen Fredericia"]
[Black "Rom, Jasper"]
[WhiteFideId "1441230"]
[BlackFideId "2023733"]
[WhiteElo "2238"]
[BlackElo "2420"]
[Result "0-1"]
[Round "8"]
[TimeControl "180+2"]
[Date "2023.06.27"]
[WhiteClock "0:00:19"]
[BlackClock "0:00:09"]
[Board "134"]

1. Nf3 g6 2. g3 Bg7 3. Bg2 e5 4. d3 Ne7 5. O-O d5 6. e4 dxe4 7. dxe4 Qxd1 8. Rxd1 Nbc6 9. c3 Be6 10. Be3 O-O 11. Nbd2 Rfd8 12. Bf1 f6 13. Bc4 Kf7 14. Bxe6+ Kxe6 15. Nb3 b6 16. a4 a5 17. Kf1 Rxd1+ 18. Rxd1 Nc8 19. Nfd2 Nd6 20. Ke2 h5 21. f3 Rf8 22. Nc1 f5 23. exf5+ gxf5 24. Nd3 Ne7 25. Nf2 h4 26. Nh3 Rh8 27. Ng5+ Kf6 28. f4 Kg6 29. Ne6 hxg3 30. hxg3 Rh2+ 31. Kd3 e4+ 32. Kc2 Nd5 33. Bg1 Rg2 34. Kb1 Bxc3 35. Nb3 Rxb2+ 36. Kc1 c6 37. Nbd4 Nc4 38. Nxc6 Bd2+ 39. Rxd2 Rxd2 40. Ne5+ Nxe5 41. Kxd2 Nf3+ 0-1


[Site "https://www.chess.com"]

[Event "Titled Tuesday Blitz June 27 Early 2023"]
[White "Quirke, Jeffrey"]
[Black "Kopczynski, Michal"]
[WhiteFideId "2013029"]
[BlackFideId "1124200"]
[WhiteElo "2236"]
[BlackElo "2413"]
[Result "0-1"]
[Round "8"]
[TimeControl "180+2"]
[Date "2023.06.27"]
[WhiteClock "0:00:00"]
[BlackClock "0:00:23"]
[Board "135"]

1. e4 b6 2. d4 Bb7 3. Bd3 e6 4. Nf3 Nf6 5. Qe2 d5 6. exd5 Nxd5 7. O-O Nd7 8. c3 Be7 9. Nbd2 Nf4 10. Qe3 Nxd3 11. Qxd3 Nf6 12. Re1 Qd5 13. Nf1 O-O 14. Qe2 c5 15. dxc5 Bxc5 16. Be3 Rad8 17. Bxc5 Qxc5 18. Ne5 h6 19. Rad1 Qa5 20. a3 Ne4 21. Nd3 Qg5 22. f3 Nf6 23. Qe3 Qxe3+ 24. Nxe3 Rc8 25. Ne5 Rfd8 26. Kf2 Kf8 27. N3c4 Ke7 28. a4 Nd5 29. Ne3 Nf4 30. g3 Nh3+ 31. Kg2 Ng5 32. N5c4 Bxf3+ 0-1


[Site "https://www.chess.com"]

[Event "Titled Tuesday Blitz June 27 Early 2023"]
[White "Sariego Figueredo, Wilfredo"]
[Black "Hoffmann, Asa"]
[WhiteFideId "3500080"]
[BlackFideId "2001470"]
[WhiteElo "2218"]
[BlackElo "2400"]
[Result "0-1"]
[Round "8"]
[TimeControl "180+2"]
[Date "2023.06.27"]
[WhiteClock "0:01:21"]
[BlackClock "0:00:56"]
[Board "136"]

1. d4 Nf6 2. Bf4 c5 3. e3 Qb6 4. b3 d6 5. c3 g6 6. Nf3 Bg7 7. Na3 a6 8. Nc4 Qc7 9. Be2 Be6 10. O-O Nh5 11. Bg5 h6 12. Bh4 g5 13. Bg3 Nxg3 14. fxg3 b5 15. Ncd2 Nd7 16. e4 Nf6 17. d5 Bg4 18. Rc1 Nd7 19. h4 O-O-O 20. Nh2 Bxe2 21. Qxe2 Bf6 22. h5 Kb7 23. a4 Qb6 24. Kh1 Rc8 25. axb5 axb5 26. c4 b4 27. Ng4 Ra8 28. Nxf6 Nxf6 29. Ra1 Ra3 30. Rxa3 bxa3 31. Ra1 Ra8 32. Qd1 Qb4 33. Kh2 Nd7 34. Nf3 f6 35. Qc2 Ra6 36. g4 Rb6 37. Nd2 Ne5 38. Qd1 Ra6 39. Ra2 Qc3 40. Nb1 Qd4 41. Qxd4 cxd4 42. Rxa3 Rxa3 43. Nxa3 d3 44. Kg3 d2 0-1


[Site "https://www.chess.com"]

[Event "Titled Tuesday Blitz June 27 Early 2023"]
[White "Pinto, Daniel"]
[Black "KSho99"]
[WhiteFideId "3303144"]
[WhiteElo "2399"]
[BlackElo "2221"]
[Result "1-0"]
[Round "8"]
[TimeControl "180+2"]
[Date "2023.06.27"]
[WhiteClock "0:00:06"]
[BlackClock "0:00:00"]
[Board "137"]

1. e4 e6 2. d4 d5 3. Nd2 Be7 4. Ngf3 Nf6 5. Bd3 c5 6. dxc5 dxe4 7. Nxe4 Nxe4 8. Bxe4 Qxd1+ 9. Kxd1 Bxc5 10. Ke2 Nd7 11. c3 Nf6 12. Bd3 Ke7 13. b4 Bd6 14. Bb2 Nd5 15. g3 f6 16. a3 Kf7 17. c4 Ne7 18. Nd4 Rd8 19. f4 e5 20. Nb5 Bg4+ 21. Ke3 exf4+ 22. gxf4 Nf5+ 23. Bxf5 Bxf5 24. Nxd6+ Rxd6 25. Rhd1 Rad8 26. Rd4 Re8+ 27. Kf3 Rxd4 28. Bxd4 Re4 29. Bxa7 Rxc4 30. Be3 Rc3 31. a4 Rb3 32. b5 Rb4 33. Rc1 Rxa4 34. Rc7+ Kg6 35. h4 Be4+ 36. Kg3 Ra3 37. Kf2 Ra2+ 38. Kg3 Ra3 39. Kf2 Ra2+ 40. Ke1 Rb2 41. b6 Bf3 42. Kf1 Bg2+ 43. Kg1 Bc6 44. f5+ Kxf5 45. Rxg7 h5 46. Re7 Rg2+ 47. Kf1 Rb2 48. Bf2 Kf4 49. Bd4 Kf3 50. Bxb2 1-0


[Site "https://www.chess.com"]

[Event "Titled Tuesday Blitz June 27 Early 2023"]
[White "Buscar, Michael"]
[Black "le-castor-faineant"]
[WhiteFideId "2603616"]
[WhiteElo "2397"]
[BlackElo "2156"]
[Result "0-1"]
[Round "8"]
[TimeControl "180+2"]
[Date "2023.06.27"]
[WhiteClock "0:00:26"]
[BlackClock "0:00:10"]
[Board "138"]

1. d4 Nf6 2. c4 g6 3. Nc3 Bg7 4. e4 d6 5. Nf3 O-O 6. Be2 Nbd7 7. h3 e5 8. d5 Ne8 9. g4 a5 10. g5 Nc5 11. Be3 f5 12. gxf6 Nxf6 13. Qc2 Nh5 14. O-O-O Nf4 15. Rdg1 Qf6 16. Bf1 Nxh3 17. Rg3 Nf4 18. Ng5 h6 19. Ne6 Ncxe6 20. dxe6 Bxe6 21. Nd5 Bxd5 22. exd5 g5 23. Kb1 e4 24. Bc1 Rfe8 25. c5 a4 26. a3 Ra5 27. cxd6 cxd6 28. Bc4 Rc5 29. Qxa4 b5 30. Bxb5 Nxd5 31. Bxe8 Rxc1+ 32. Kxc1 Qxb2+ 33. Kd1 Nc3+ 34. Ke1 Qe2# 0-1


[Site "https://www.chess.com"]

[Event "Titled Tuesday Blitz June 27 Early 2023"]
[White "O`Gorman, Tom"]
[Black "Luxama, Jacques Muller"]
[WhiteFideId "2508249"]
[BlackFideId "11900113"]
[WhiteElo "2557"]
[BlackElo "2203"]
[Result "0-1"]
[Round "8"]
[TimeControl "180+2"]
[Date "2023.06.27"]
[WhiteClock "0:01:41"]
[BlackClock "0:01:57"]
[Board "139"]

1. c4 e6 2. Nf3 d5 3. g3 Nf6 4. Bg2 Be7 5. O-O O-O 6. d4 a6 7. Qc2 dxc4 8. Qxc4 b5 9. Qc2 Bb7 10. Rd1 Nbd7 11. Nc3 Rc8 12. Bf4 c5 13. dxc5 Bxc5 14. Qb3 Qb6 15. e3 h6 16. h4 Rfe8 17. Ne5 Nxe5 18. Bxe5 Bxg2 19. Kxg2 Qb7+ 20. Kg1 Ng4 21. Bd4 Bxd4 22. Rxd4 Ne5 23. Re4 Rxc3 0-1


[Site "https://www.chess.com"]

[Event "Titled Tuesday Blitz June 27 Early 2023"]
[White "Thecourseoisildur"]
[Black "Vaglio Munoz, Jaime"]
[BlackFideId "6500145"]
[WhiteElo "2488"]
[BlackElo "2294"]
[Result "0-1"]
[Round "8"]
[TimeControl "180+2"]
[Date "2023.06.27"]
[WhiteClock "0:00:01"]
[BlackClock "0:00:55"]
[Board "140"]

1. e4 c5 2. Nf3 Qa5 3. Nc3 a6 4. d4 b5 5. Bd2 b4 6. Nd5 e6 7. Ne3 cxd4 8. Nxd4 Bb7 9. Nc4 Qc7 10. e5 Nc6 11. Nxc6 Bxc6 12. Qg4 h5 13. Qg3 g6 14. Nd6+ Bxd6 15. exd6 Qa5 16. Qh4 Qe5+ 17. Be3 f6 18. Bd3 g5 19. Qxb4 a5 20. Qd4 Qxd4 21. Bxd4 Bxg2 22. Rg1 Bf3 23. Rxg5 fxg5 24. Bxh8 Kf7 25. Be5 Rb8 26. Kd2 Nf6 27. Re1 Ng4 28. h3 Nxe5 29. Rxe5 Kf6 30. Rxa5 Rxb2 31. a4 Rb6 32. Ra6 Rb1 33. Ra7 Bc6 34. a5 g4 35. hxg4 h4 36. c4 h3 37. Bxb1 h2 38. g5+ Kxg5 39. f4+ Kxf4 40. a6 h1=Q 41. Bd3 Qg2+ 42. Kc3 Ke3 43. Bc2 Qg7+ 44. Kb3 Qd4 45. Rc7 Qb6+ 46. Kc3 Qxa6 47. Bb3 Qa5+ 48. Kb2 Qe5+ 49. Ka2 Qxd6 50. Rc8 Qd2+ 51. Ka3 Qa5+ 52. Kb2 Kd4 53. Rh8 Qc3+ 54. Ka2 e5 55. Rh4+ e4 56. Rh2 Qa5+ 57. Kb2 e3 58. Rh4+ Be4 59. Bc2 Qc3+ 60. Kb1 Qxc2+ 61. Ka1 Kc3 62. Rxe4 Qb2# 0-1


[Site "https://www.chess.com"]

[Event "Titled Tuesday Blitz June 27 Early 2023"]
[White "Begunov, Konstantin"]
[Black "De Souza, Cristiano Gomes"]
[WhiteFideId "4118510"]
[BlackFideId "2151758"]
[WhiteElo "2428"]
[BlackElo "2252"]
[Result "1-0"]
[Round "8"]
[TimeControl "180+2"]
[Date "2023.06.27"]
[WhiteClock "0:00:29"]
[BlackClock "0:01:41"]
[Board "142"]

1. d4 Nf6 2. c4 g6 3. f3 Bg7 4. e4 d6 5. Nc3 O-O 6. Be3 Nc6 7. Nge2 a6 8. a3 Rb8 9. b4 b5 10. cxb5 axb5 11. d5 Ne5 12. Nd4 Bd7 13. Ncxb5 c5 14. dxc6 Nxc6 15. Be2 Ne8 16. O-O Nc7 17. Nxc6 Bxc6 18. Nd4 Bd7 19. Qb3 Ne6 20. Rfd1 Nxd4 21. Bxd4 Bxd4+ 22. Rxd4 Qb6 23. Qe3 Be6 24. Kf2 Rfc8 25. Rd2 Qb7 26. b5 Bc4 27. a4 Bxe2 28. Rxe2 Rc4 29. Rb2 Rbc8 30. b6 Rc2+ 31. Rxc2 Rxc2+ 32. Kg3 d5 33. a5 dxe4 34. Qxe4 Qb8+ 35. Kh3 h5 36. b7 Qc7 37. Qxc2 1-0


[Site "https://www.chess.com"]

[Event "Titled Tuesday Blitz June 27 Early 2023"]
[White "BenchGM"]
[Black "Zampronha, Wladimir Camilo"]
[BlackFideId "2103087"]
[WhiteElo "2399"]
[BlackElo "2252"]
[Result "0-1"]
[Round "8"]
[TimeControl "180+2"]
[Date "2023.06.27"]
[WhiteClock "0:00:26"]
[BlackClock "0:01:21"]
[Board "143"]

1. e4 c5 2. Nf3 e6 3. d4 cxd4 4. Nxd4 Nc6 5. Nc3 Qc7 6. Be3 a6 7. Qf3 Bd6 8. O-O-O Be5 9. Qg4 Nf6 10. Qh4 Nxd4 11. Bxd4 Bxd4 12. Rxd4 Qe5 13. Rd3 b5 14. f4 Qh5 15. Qf2 Bb7 16. Be2 Qh6 17. e5 Nd5 18. g3 Nxc3 19. Bf3 Bxf3 20. Qxf3 Nd5 21. Rxd5 exd5 22. Qxd5 O-O 23. Qxd7 Rfd8 24. Qb7 Rab8 25. Qa7 Qc6 26. Re1 Rbc8 27. Qf2 h5 28. f5 Qc4 29. e6 Qxa2 30. c3 Rxc3+ 0-1


[Site "https://www.chess.com"]